 Dungeon Crawl Stone Soup version 0.28.0-45-g0d030f2227 (webtiles) character file.

Game seed: 17250814744736865031

30 issech the Cudgeller (level 3, -3/36 HPs)
             Began as a Troll Monk on Apr 15, 2022.
             Killed by nerve-wracking pain
             ... invoked by a shadow imp
             ... summoned by Natasha
              (5 damage)
             ... on level 2 of the Dungeon.
             The game lasted 00:03:31 (836 turns).

issech the Cudgeller (Troll Monk)                    Turns: 836, Time: 00:03:32

Health: -3/36      AC:  4    Str: 19    XL:     3   Next: 5%
Magic:  2/2        EV: 10    Int:  6    God:
Gold:   55         SH:  0    Dex: 14    Spells: 2/2 levels left

rFire   . . .      SeeInvis .   a - +0 mace
rCold   . . .      Faith    .   (no shield)
rNeg    . . .      Spirit   .   b - +0 robe
rPois   .          Reflect  .   (helmet restricted)
rElec   .          Harm     .   (no cloak)
rCorr   .          Rampage  .   (gloves unavailable)
Will    .....                   (boots unavailable)
Stlth   ++........              (no amulet)
HPRegen 0.92/turn               (no ring)
MPRegen 0.08/turn               (no ring)

@: no status effects
A: large, unfitting armour, claws 3, regeneration 1, shaggy fur 1, tough skin 1
a: no special abilities


You were on level 2 of the Dungeon.
You visited 1 branch of the dungeon, and saw 2 of its levels.

You collected 55 gold pieces.

Inventory:

Hand Weapons
 a - a +0 mace (weapon)
 f - a +2 rapier of speed
Missiles
 e - 8 stones (quivered)
 l - 18 bolts
Armour
 b - a +0 robe (worn)
Magical Staves
 m - a staff of earth
Scrolls
 c - a scroll of immolation {unknown}
 d - a scroll of blinking {unknown}
 g - a scroll of amnesia {unknown}
 h - a scroll of fear {unknown}
 i - a scroll of summoning {unknown}
 j - a scroll of torment {unknown}
 k - a scroll of identify {unknown}
Potions
 n - a potion of curing


   Skills:
 + Level 2.8 Fighting
 + Level 2.9 Maces & Flails
 + Level 2.8 Dodging
 + Level 1.1 Stealth


You had 2 spell levels left.
You didn't know any spells.
Your spell library was empty.

Dungeon Overview and Level Annotations

Branches:
Dungeon (2/15)

Altars:

Annotations:
D:2 Natasha


Innate Abilities, Weirdness & Mutations

You are too large for most types of armour.
You have claws for hands.
Your natural rate of healing is unusually fast.
You are covered in fur. (AC +1)
You have tough skin. (AC +1)


Message History

You barely miss Natasha.
Natasha is heavily wounded.
Natasha casts a spell.
Natasha casts a spell at you. You resist with significant effort.
You completely miss Natasha.
Natasha is heavily wounded.
Natasha barely misses you.
You closely miss Natasha.
Natasha is heavily wounded.
The shadow imp gestures at you. Pain shoots through your body!
Natasha claws you but does no damage.
You closely miss Natasha.
Natasha is heavily wounded.
The shadow imp hits you. Natasha claws you!
You hit Natasha but do no damage.
Natasha is moderately wounded.
Natasha casts a spell.
The shadow imp hits you.
* * * LOW HITPOINT WARNING * * *
Natasha claws you.
* * * LOW HITPOINT WARNING * * *
The shadow imp hits you but does no damage.
You sock Natasha!
Natasha is almost dead.
The shadow imp hits you but does no damage.
Natasha stares at you and mumbles some strange words.
The magic dart hits you.
* * * LOW HITPOINT WARNING * * *
You closely miss Natasha.
Natasha is almost dead.
The shadow imp hits you.
* * * LOW HITPOINT WARNING * * *
The crimson imp laughs crazily.
Natasha misses you.
You closely miss Natasha.
Natasha is almost dead.
The crimson imp hits you but does no damage.
The shadow imp gestures at you. Pain shoots through your body!
You die...

##..........#
..?.........###
.#............
....>.?.....#
#.).........#
#........#
#..h5..# #.5@.#
#.##..# # #....
##.... ###


You could see Natasha, a crimson imp (summoned) and a shadow imp (summoned).

Vanquished Creatures
  2 dart slugs (D:1)
  3 ball pythons (D:1)
  3 endoplasms (D:1)
  A giant cockroach (D:1)
  A goblin (D:1)
  4 hobgoblins (D:1)
  3 jackals (D:1)
  A quokka (D:1)
  A frilled lizard (D:1)
  2 kobolds (D:1)
  2 rats (D:1)
23 creatures vanquished.

Notes
Turn   | Place    | Note
-------+----------+-------------------------------------------
     0 | D:1      | issech the Troll Monk began the quest for the Orb.
     0 | D:1      | Reached XP level 1. HP: 22/22 MP: 0/0
   178 | D:1      | Reached XP level 2. HP: 29/29 MP: 1/1
   522 | D:1      | Reached XP level 3. HP: 36/36 MP: 2/2
   822 | D:2      | Noticed Natasha
   835 | D:2      | HP: 1/36 [shadow imp[Natasha] (5)]
   836 | D:2      | Killed from afar by a shadow imp

Illustrated notes

Levels and vault maps discovered:
D:1:      mainiacjoe_arrival_reflecting_pool, layout_loops_ring, minmay_tall_x
D:2:      layout_rooms, st_stairs_10, uniq_natasha, uniq_jessica, uniq_robin

Action                   || total
-------------------------++-------
Melee: Mace              ||    78
       Punch             ||     1
Throw: Stone             ||     5
 Stab: Sleeping          ||     3
Armor: Robe              ||    32
Dodge: Dodged            ||    49
